Map: Oxide LE

Players

Solar

  • Race: Zerg Zerg
  • League: Grandmaster
  • Spawn Location: 7:00

Maru - Winner!

  • Race: Terran Terran
  • League: Master
  • Spawn Location: 1:00

Event: TSL 6

VOD

Have the link to the VOD?

Description

Time

  • Played on: Dec. 19, 2020, 3:27 a.m.
  • Length: 9:15

All games in this series

Show
View Real Time Build Order
Export as new Build Order

Solar Zerg 

Build Orders: Hatch First, Muta Ling Bane 

Get SALT Encoding   

  12  0:00  Drone  
  13  0:12  Overlord  
  13  0:17  Drone  
  14  0:31  Drone x2  
  16  0:46  Hatchery  
  15  0:51  Drone  
  15  0:54  Drone  
  17  0:57  Drone  
  18  1:07  Extractor  
  17  1:12  Spawning Pool  
  17  1:15  Drone  
  17  1:18  Drone  
  18  1:28  Drone  
  19  1:38  Drone  
  20  1:54  Drone  
  21  1:59  Zergling x2, Queen x2  
  21  2:00  Zergling x2  
  27  2:10  Overlord  
  27  2:11  Drone  
  28  2:21  Hatchery  
  27  2:24  Drone  
  27  2:28  Drone  
  29  2:34  Queen  
  31  2:38  Metabolic Boost  
  31  2:42  Drone  
  32  2:45  Overlord  
  32  2:48  Drone  
  33  2:54  Drone x2  
  33  2:55  Drone  
  36  3:04  Drone x2  
  38  3:09  Drone x3  
  41  3:13  Queen  
  41  3:17  Overlord  
  41  3:19  Drone  
  44  3:28  Overlord  
  44  3:34  Queen, Drone x2  
  44  3:40  Drone x3  
  44  3:41  Evolution Chamber  
  50  3:43  Drone x2  
  50  3:44  Drone  
  50  3:46  Drone  
  50  3:47  Drone  
  55  3:52  Queen  
  55  3:55  Drone x2  
  59  3:59  Overlord  
  59  4:01  Drone x2  
  61  4:04  Drone  
  61  4:06  Drone  
  61  4:09  Queen  
  63  4:12  Overlord  
  63  4:16  Zergling x2  
  66  4:17  Overlord  
  66  4:20  Zergling x2  
  66  4:21  Zergling x6  
  70  4:24  Zergling x4  
  70  4:25  Zergling x2  
  70  4:27  Extractor  
  70  4:29  Zerg Ground Armor Level 1  
  70  4:30  Drone  
  72  4:32  Zergling x4  
  72  4:35  Overlord  
  74  4:40  Zergling x4  
  74  4:42  Overlord  
  74  4:44  Zergling x4  
  78  4:47  Overlord  
  78  4:48  Overlord  
  78  4:49  Baneling Nest  
  78  4:52  Spine Crawler  
  76  4:54  Queen  
  76  4:56  Zergling x4  
  80  5:01  Zergling x6  
  80  5:04  Zergling x6  
  85  5:07  Zergling x4  
  85  5:11  Zergling x2  
  85  5:12  Overlord  
  85  5:13  Overlord  
  85  5:22  Zergling x2  
  85  5:23  Zergling x6  
  85  5:26  Lair  
  85  5:27  Zergling x2  
  88  5:31  Drone x3  
  88  5:35  Baneling x4  
  88  5:37  Drone  
  88  5:38  Drone  
  88  5:44  Drone x4  
  88  5:45  Extractor  
  88  5:46  Overlord  
  88  5:47  Drone  
  88  5:48  Drone  
  93  5:54  Extractor, Drone  
  93  5:55  Baneling x4  
  93  5:56  Drone  
  89  5:58  Baneling  
  89  6:00  Extractor, Drone  
  89  6:02  Extractor  
  89  6:04  Zergling x2  
  88  6:06  Overlord, Baneling  
  88  6:10  Drone x3  
  91  6:14  Drone x3  
  91  6:15  Drone x2  
  96  6:18  Drone x3  
  96  6:19  Zergling x2  
  96  6:24  Zergling x2  
  96  6:25  Centrifical Hooks  
  101  6:27  Zergling x2  
  101  6:30  Overlord  
  101  6:31  Zerg Melee Weapons Level 1  
  102  6:35  Zergling x2  
  102  6:39  Overlord  
  103  6:43  Zergling x8  
  103  6:46  Zergling x6  
  102  6:48  Baneling x10  
  102  6:50  Overlord  
  102  6:51  Zergling x6  
  105  6:56  Zergling x2  
  105  7:00  Spire  
  105  7:01  Zergling x2  
  105  7:02  Zergling x2  
  105  7:03  Overseer  
  105  7:04  Overlord  
  105  7:07  Hatchery  
  104  7:09  Zergling x2  
  104  7:10  Zergling x2  
  104  7:13  Zergling x6  
  108  7:16  Baneling x2  
  108  7:19  Drone x2  
  108  7:21  Zergling x4  
  112  7:24  Zergling x8  
  116  7:31  Zergling x2, Spore Crawler  
  116  7:32  Overlord  
  116  7:39  Zergling x4  
  116  7:40  Zergling x4  
  116  7:43  Drone  
  118  7:44  Drone x4  
  118  7:45  Drone  
  124  7:51  Drone x2  
  124  7:54  Drone x2  
  124  7:57  Drone x2  
  121  8:07  Drone x3  
  121  8:08  Drone  
  121  8:12  Drone x2  
  119  8:15  Drone x2  
  119  8:16  Drone  
  122  8:20  Drone  
  122  8:22  Drone x2  
  122  8:23  Drone  
  123  8:30  Mutalisk x7  
  137  8:38  Mutalisk x3  
  137  8:39  Mutalisk  
  133  8:45  Drone x2  
  133  8:47  Drone x4  
  122  8:57  Drone  
  122  9:00  Drone x3  
Show
View Real Time Build Order
Export as new Build Order

Maru Terran - Winner!

Build Orders: Command Center First (CC) 

Get SALT Encoding   

  12  0:00  SCV  
  13  0:12  SCV  
  14  0:17  Supply Depot  
  14  0:24  SCV  
  15  0:38  SCV  
  16  0:50  SCV  
  17  0:58  Command Center  
  17  1:02  SCV  
  18  1:12  Barracks  
  18  1:15  SCV  
  19  1:27  SCV  
  19  1:28  Refinery  
  19  1:32  Refinery  
  20  1:39  SCV  
  21  1:44  Barracks  
  21  1:51  SCV  
  22  2:04  Orbital Command  
  22  2:05  Barracks Reactor  
  22  2:12  Orbital Command  
  22  2:30  SCV  
  22  2:31  Barracks Tech Lab  
  23  2:38  SCV  
  23  2:40  Factory  
  23  2:41  Marine x2  
  23  2:43  SCV  
  27  2:50  Stimpack, SCV  
  28  2:52  Marine  
  29  2:59  Marine x2  
  29  3:01  SCV  
  29  3:02  SCV  
  29  3:04  Supply Depot  
  33  3:10  Marine  
  34  3:13  SCV  
  34  3:14  SCV  
  34  3:16  Marine  
  37  3:23  Factory Reactor  
  37  3:24  Starport  
  37  3:25  SCV  
  37  3:26  SCV  
  39  3:28  Supply Depot  
  39  3:31  Marine x2  
  41  3:34  Marine  
  41  3:37  SCV  
  41  3:38  SCV  
  44  3:49  Supply Depot, Marine x2  
  44  3:50  SCV x2  
  44  3:52  Marine  
  44  3:53  Supply Depot  
  49  4:00  Hellion x2  
  53  4:07  Armory  
  53  4:09  SCV  
  54  4:10  Medivac, SCV  
  54  4:13  Supply Depot  
  54  4:15  Marine x2  
  54  4:17  Marine  
  59  4:23  Hellion x2  
  64  4:29  SCV x2  
  66  4:31  Combat Shield  
  66  4:34  Marine  
  66  4:35  Marine x2  
  69  4:44  Command Center  
  69  4:51  Hellion  
  69  4:52  Marine x2  
  71  4:59  SCV  
  74  5:05  Starport Reactor  
  74  5:07  Factory, SCV  
  75  5:09  Marine  
  75  5:10  Marine  
  75  5:13  Supply Depot  
  73  5:21  SCV  
  73  5:22  Marine  
  73  5:24  Widow Mine x2  
  73  5:26  Marine  
  78  5:30  Refinery  
  78  5:31  Refinery  
  78  5:35  SCV x2  
  80  5:36  Supply Depot  
  80  5:42  Supply Depot  
  80  5:43  Medivac x2  
  80  5:47  SCV x2  
  86  5:51  Factory Tech Lab  
  86  5:55  Engineering Bay  
  86  5:56  Engineering Bay, Widow Mine  
  88  5:58  Orbital Command  
  88  5:59  SCV  
  88  6:03  SCV  
  90  6:06  Marine x3  
  93  6:12  Drilling Claws  
  93  6:14  SCV  
  93  6:15  SCV  
  95  6:21  Widow Mine x3  
  95  6:22  Medivac  
  95  6:23  Orbital Command  
  95  6:24  Marine x3  
  106  6:27  SCV x2  
  106  6:28  Supply Depot  
  108  6:32  Medivac  
  108  6:34  Terran Infantry Weapons Level 1  
  108  6:37  Supply Depot  
  108  6:39  SCV x2  
  104  6:51  SCV x2  
  104  6:52  Widow Mine  
  104  6:53  Medivac, Widow Mine x2  
  114  6:54  Marine x2  
  114  6:55  SCV  
  114  6:58  Supply Depot  
  117  7:03  Terran Infantry Armor Level 1, SCV x2, Marine  
  117  7:07  SCV  
  121  7:12  Marine x2  
  121  7:15  Widow Mine x2, SCV x2  
  124  7:17  Supply Depot  
  124  7:19  SCV  
  124  7:21  Marine  
  127  7:26  Widow Mine  
  127  7:27  Barracks, SCV x2  
  127  7:29  Barracks x2  
  131  7:30  Marine  
  131  7:36  Widow Mine x2  
  136  7:42  Marauder, Marine  
  139  7:48  Marine  
  138  7:52  Medivac x2, Widow Mine  
  138  7:58  Widow Mine  
  140  7:59  Command Center  
  140  8:00  Supply Depot  
  140  8:04  Marauder  
  142  8:06  SCV  
  142  8:08  Refinery  
  142  8:09  Refinery  
  143  8:16  SCV  
  143  8:18  Supply Depot x2  
  142  8:22  Medivac x2  
  142  8:24  Marine x2  
  142  8:25  Marauder, Widow Mine x2  
  142  8:26  Widow Mine  
  156  8:27  Barracks Reactor  
  156  8:28  Barracks Reactor x2  
  152  8:42  Marine x2  
  152  8:46  Marauder  
  152  8:47  Widow Mine  
  152  8:48  Widow Mine x2  
  158  8:54  SCV  
  157  9:00  Barracks x2  
  157  9:01  Barracks  
Tags
 
Add a new tag
Caveats
  • Supply blocks, unpowered buildings, or Contaminate may cause inaccurate times.
  • Supply counts are checked every 10 seconds.